 Dungeon Crawl Stone Soup version 0.18-a0-241-g014938f (webtiles) character file.

160 Christine the Ducker (level 5, -6/50 HPs)
             Began as a Troll Fighter on Nov 25, 2015.
             Was an Initiate of Kikubaaqudgha.
             Killed from afar by a steam dragon (19 damage)
             ... with a ball of steam
             ... on level 5 of the Dungeon.
             The game lasted 00:23:25 (2469 turns).

Christine the Ducker (Troll Fighter)                Turns: 2469, Time: 00:23:31

Health: -6/50      AC:  6    Str: 25    XL:     5   Next: 17%
Magic:  4/4        EV:  4    Int:  4    God:    Kikubaaqudgha [......]
Gold:   146        SH: 11    Dex:  9    Spells: 0 memorised, 4 levels left

rFire  . . .     SeeInvis .     a - +0 flail
rCold  . . .     Clarity  .     b - +0 robe
rNeg   . . .     SustAt   .     k - +2 shield
rPois  .         Gourm    +     (helmet restricted)
rElec  .         Spirit   .     g - +0 cloak
rCorr  .         Warding  .     (gloves unavailable)
rMut   .         Stasis   .     (boots unavailable)
MR     .....                    (no amulet)
Stlth  +.........               (no ring)
                                v - -4 ring of evasion (curse)

@: very slow, not resistant to hostile enchantments, very unstealthy
A: unfitting armour, claws 3, fast metabolism 3, gourmand, regeneration 2,
shaggy fur 1, tough skin 2
a: Renounce Religion


You were on level 5 of the Dungeon.
You worshipped Kikubaaqudgha.
Kikubaaqudgha was noncommittal.
You were not hungry.

You visited 2 branches of the dungeon, and saw 6 of its levels.

You collected 146 gold pieces.

Inventory:

Hand Weapons
 a - a +0 flail (weapon)
 m - a +0 flail
 p - a +0 mace
Armour
 b - a +0 robe (worn)
 c - a +0 shield
 g - a +0 cloak (worn)
 k - a +2 shield (worn)
Jewellery
 v - a cursed -4 ring of evasion (left claw)
Scrolls
 d - a scroll of identify {unknown}
 f - 2 scrolls of remove curse {unknown}
 j - 2 scrolls of immolation {unknown}
 n - 2 scrolls of teleportation {unknown}
 o - a scroll of enchant armour {unknown}
 r - a scroll of magic mapping {unknown}
 t - a scroll of random uselessness {unknown}
Potions
 e - 2 potions of agility {unknown}
 i - 4 potions of curing {unknown}
 l - a potion of lignification {unknown}
 q - 2 potions of poison


   Skills:
 + Level 2.7 Fighting
 + Level 2.1 Maces & Flails
 + Level 3.7 Dodging
 + Level 0.4 Stealth
 + Level 3.3 Shields


You had 4 spell levels left.
You didn't know any spells.

Dungeon Overview and Level Annotations

Branches:
Dungeon (5/15)             Temple (1/1) D:4

Altars:
Ashenzari
Cheibriados
Elyvilon
Fedhas
Kikubaaqudgha
Nemelex Xobeh
Okawaru
Qazlal
Vehumet
Xom
Yredelemnul
The Shining One


Innate Abilities, Weirdness & Mutations

You are too large for most types of armour.
You have claws for hands.
Your metabolism is lightning-fast.
You like to eat raw meat.
You heal very quickly.
You are covered in fur (AC +1).
You have very tough skin (AC +2).


Message History

You block the steam dragon's attack.
The steam dragon claws you but does no damage.
You sock the steam dragon!
The steam dragon is severely wounded.
The steam dragon bites you.
* * * LOW HITPOINT WARNING * * *
You block the steam dragon's attack.
You hit the steam dragon.
The steam dragon is almost dead.
The steam dragon bites you but does no damage.
The steam dragon claws you.
* * * LOW HITPOINT WARNING * * *
You closely miss the steam dragon.
The steam dragon is almost dead.
You block the steam dragon's attack.
The steam dragon claws you but does no damage.
The steam dragon breathes steam at you. The ball of steam hits you!
You die...
Kikubaaqudgha rasps: "You have failed me!
Welcome... death!"

#...## .# #...###
.# ###...##
.######
#.....###......
###.##..##..# ..#
...>........##..##
#..####..#.##...)#
#.#
#.....#D...##.# ..
##.#...@......#
..# #.#.##....####
.#. #.#.##....#
#.#.###..## .....
..# ..... ###
..... .(.


You could see a steam dragon.

Vanquished Creatures
  A hound (D:4)
  A worker ant (D:4)
  Robin (D:3)
  A worker ant zombie (D:4)
  2 adders (D:2)
  An ooze (D:2)
  2 giant geckos
  3 orcs
  A ball python (D:4)
  11 hobgoblins
  8 jackals
  2 kobolds
  A quokka (D:4)
  6 bats
  3 giant newts
  10 goblins
  5 rats
59 creatures vanquished.

Notes
Turn   | Place    | Note
--------------------------------------------------------------
     0 | D:1      | Christine the Troll Fighter began the quest for the Orb.
     0 | D:1      | Reached XP level 1. HP: 22/22 MP: 0/0
   133 | D:1      | Reached XP level 2. HP: 29/29 MP: 1/1
   604 | D:2      | Found a shattered altar of Ashenzari.
   617 | D:2      | Reached skill level 3 in Dodging
   617 | D:2      | Reached XP level 3. HP: 27/36 MP: 2/2
  1195 | D:3      | Found a stormy altar of Qazlal.
  1195 | D:3      | Found a glowing golden altar of the Shining One.
  1198 | D:3      | Found a snail-covered altar of Cheibriados.
  1224 | D:3      | Became a worshipper of Cheibriados the Contemplative
  1316 | D:3      | Reached XP level 4. HP: 44/44 MP: 3/3
  1330 | D:3      | Noticed Robin
  1345 | D:3      | Killed Robin
  1722 | D:4      | Found a staircase to the Ecumenical Temple.
  1898 | D:4      | Reached XP level 5. HP: 40/50 MP: 4/4
  2147 | Temple   | Entered the Ecumenical Temple
  2249 | Temple   | Fell from the grace of Cheibriados
  2249 | Temple   | Became a worshipper of Kikubaaqudgha
  2437 | D:5      | Entered Level 5 of the Dungeon
  2457 | D:5      | Noticed a steam dragon
  2469 | D:5      | Killed from afar by a steam dragon

Vault maps used:
D:1:      ncdulo_wetmaze
D:2:      nicolae_overflow_hidden_temple, evilmike_ruin_ashenzari, first_bread
D:3:      trog_eyes_of_draining, gammafunk_temple_overflow_forgotten,
          grunt_ministairs_11, kennysheep_doodads, kennysheep_generic_room_13,
          uniq_robin
D:4:      minmay_temple_entry_statues_fountains
Temple:   jpeg_temple_alley_garden_8

Action                   |  1- 3 |  4- 6 || total
-------------------------+-------+-------++-------
Melee: Flail             |   152 |    95 ||   247
  Use: Potion            |       |     2 ||     2
 Stab: Sleeping          |       |     1 ||     1
  Eat: Bread ration      |     3 |       ||     3
       Royal jelly       |       |     1 ||     1
       Pizza             |       |     1 ||     1
       Meat ration       |       |     1 ||     1
       Beef jerky        |       |     1 ||     1
       Chunk             |       |     1 ||     1
